WCHLSIM.com - West Coast Hockey League
html PUBLIC "-//W3C//DTD XHTML 1.0 Transitional//EN" "http://www.w3.org/TR/xhtml1/DTD/xhtml1-transitional.dtd"> WCHL - Game 180 - SPOKANE KNIGHTS vs SAN JOSE BRONCOS

SPOKANE KNIGHTS vs SAN JOSE BRONCOS

Created - 9 décembre 2020 at 20:44

Goals
1 2 3 T
SPOKANE KNIGHTS 2 1 1 4
SAN JOSE BRONCOS 0 1 1 2
Shots
1 2 3 T
SPOKANE KNIGHTS 9 8 7 24
SAN JOSE BRONCOS 14 10 9 33

1st period

1. SPOKANE KNIGHTS , Blake Wheeler 12 (Patrick Kane 7, Victor Hedman 8) at 2:20
2. SPOKANE KNIGHTS , Sebastian Aho 7 (Justin Abdelkader 5, Valeri Nichushkin 3) at 4:26

Penalties :
No Penalty

2nd period

3. SAN JOSE BRONCOS , Chris Tanev 1 (Neal Pionk 3, Brayden Point 9) at 3:28
4. SPOKANE KNIGHTS , Victor Hedman 3 (Blake Wheeler 11, Matthew Tkachuk 9) at 14:52 (PP)

Penalties :
Neal Pionk (SJO) for Diving (Minor) at 12:53, Hampus Lindholm (SJO) for Roughing (Minor) at 19:40

3rd period

5. SPOKANE KNIGHTS , Patrice Bergeron 4 (Nick Foligno 2, Victor Hedman 9) at 15:58
6. SAN JOSE BRONCOS , Claude Giroux 6 (Elias Lindholm 5, Evgeni Malkin 8) at 19:21

Penalties :
No Penalty

Goalie Stats

Mike Smith (SPO), 31 saves from 33 shots - (0,939), W, 2-2-2, 60:00 minutes
Jacob Markstrom (SJO), 20 saves from 24 shots - (0,833), L, 9-3-0, 60:00 minutes

Players Stats for SPOKANE KNIGHTS

Player Name              G  A  P  +/- PIM S  H  SB GA TA FO     MP     PP MP  PK MP  
------------------------------------------------------------------------------------
Blake Wheeler            1  1  2   1  0   4  1  0  0  0  12/23  21:20   2:15   0:00 
Brent Seabrook           0  0  0   0  0   0  1  1  0  0  0/0    21:35   1:19   0:00 
Cale Makar               0  0  0   1  0   0  2  1  0  0  0/0    23:40   2:39   0:00 
Gabriel Bourque          0  0  0   0  0   0  0  0  0  0  0/0     6:50   0:00   0:00 
Gaetan Haas              0  0  0   0  0   1  0  0  0  0  4/10    6:50   0:00   0:00 
Garnet Hathaway          0  0  0   0  0   0  2  0  0  0  1/3     6:50   0:00   0:00 
Justin Abdelkader        0  1  1  -1  0   0  3  0  0  0  0/0    18:15   0:00   0:00 
Mario Ferraro            0  0  0   0  0   0  3  1  0  0  0/0    16:04   1:19   0:00 
Matthew Tkachuk          0  1  1   1  0   3  2  0  0  0  0/1    21:20   2:15   0:00 
Nick Foligno             0  1  1   1  0   1  2  0  0  0  1/2    11:52   0:00   0:00 
Patrice Bergeron         1  0  1   1  0   4  0  0  0  0  12/17  13:35   1:43   0:00 
Patrick Kane             0  1  1   1  0   3  0  0  0  0  1/5    20:48   1:43   0:00 
Roman Polak              0  0  0   0  0   0  0  2  0  0  0/0    20:16   0:00   0:00 
Sebastian Aho            1  0  1  -1  0   5  0  1  0  0  14/24  20:30   2:15   0:00 
Trent Bourque            0  0  0   0  0   0  0  0  0  0  0/0    14:45   0:00   0:00 
Tyler Pitlick            0  0  0   1  0   0  0  0  0  0  0/1    11:52   0:00   0:00 
Valeri Nichushkin        0  1  1  -1  0   1  0  0  0  0  1/2    19:58   1:43   0:00 
Victor Hedman            1  2  3   1  0   2  1  4  0  0  0/0    23:40   2:39   0:00 

Players Stats for SAN JOSE BRONCOS

Player Name              G  A  P  +/- PIM S  H  SB GA TA FO     MP     PP MP  PK MP  
------------------------------------------------------------------------------------
Adam Pelech              0  0  0   0  0   0  0  0  0  0  0/0    18:54   0:00   2:48 
Anthony Beauvillier      0  0  0  -1  0   0  2  0  0  0  0/1    15:23   0:00   0:00 
Brayden Point            0  1  1  -1  0   4  1  0  0  0  10/21  16:44   0:00   0:00 
Charlie Coyle            0  0  0   0  0   2  0  0  0  0  5/10    4:52   0:00   0:00 
Chris Tanev              1  0  1   0  0   2  1  4  0  0  0/0    20:52   0:00   2:25 
Claude Giroux            1  0  1   1  0   4  0  0  0  0  1/1    19:03   0:00   0:00 
Connor Brown             0  0  0  -1  0   5  0  0  0  0  0/2    16:44   0:00   0:00 
David Kampf              0  0  0   0  0   0  0  0  0  0  0/0     4:52   0:00   0:00 
Elias Lindholm           0  1  1   1  0   2  0  0  0  0  0/1    19:03   0:00   0:00 
Evgeni Malkin            0  1  1   1  0   2  3  0  0  0  17/29  21:01   0:00   1:58 
Hampus Lindholm          0  0  0  -1  2   1  0  2  0  0  0/0    22:40   0:00   1:12 
Jaccob Slavin            0  0  0  -1  0   1  0  5  0  0  0/0    23:00   0:00   1:31 
Jesper Bratt             0  0  0  -1  0   0  0  0  0  0  0/1    15:23   0:00   0:00 
Marco Scandella          0  0  0   0  0   0  1  0  0  0  0/0    16:06   0:00   0:00 
Neal Pionk               0  1  1   0  2   0  1  1  0  0  0/0    18:26   0:00   0:00 
Nick Bonino              0  0  0  -1  0   4  0  1  0  0  7/19   17:23   0:00   2:00 
Oliver Bjorkstrand       0  0  0  -1  0   5  2  0  0  0  1/2    18:44   0:00   2:00 
Tyler Motte              0  0  0   0  0   1  2  0  0  0  1/1     6:50   0:00   1:58 

3 Stars

1 - Victor Hedman (SPO)
2 - Blake Wheeler (SPO)
3 - Patrice Bergeron (SPO)

Power Play

SPOKANE KNIGHTS - 1 on 2 Attempt(s) - 50,00%
SAN JOSE BRONCOS - 0 on 0 Attempt(s) - 0,00%

Penalty Kill

SPOKANE KNIGHTS - 0 on 0 Attempt(s) - 0,00% - Score 0 goal in Penalty Kill
SAN JOSE BRONCOS - 1 on 2 Attempt(s) - 50,00% - Score 0 goal in Penalty Kill

Team Stat

SPOKANE KNIGHTS - Hits : 17 - Faceoff Wins : 46 - Blocked Shots : 10 - Penalty Minutes : 0
SAN JOSE BRONCOS - Hits : 13 - Faceoff Wins : 42 - Blocked Shots : 13 - Penalty Minutes : 4

Official

Referees : Furman South and Brett Roeland
Linesman : Brent Colby and Jonny Murray

Game Notes

No Game Note

Finance

Level 1 -- Attendance: 4473 (74,55%) -- Ticket Income 760 410 $
Level 2 -- Attendance: 4149 (82,98%) -- Ticket Income 497 880 $
Level 3 -- Attendance: 1369 (68,45%) -- Ticket Income 150 590 $
Level 4 -- Attendance: 4000 (100,00%) -- Ticket Income 200 000 $
Luxury Box -- Attendance: 978 (97,80%) -- Ticket Income 303 180 $
Total Attendance: 14969 (83,16%)
Total Ticket Income: 1 912 060 $
Other Income: 669 221 $
Total Income: 2 581 281 $

SPOKANE KNIGHTS

5 vs 5 Forward 
   Center                   Left Wing                Right Wing               Time % Phy DF OF 
 1 Blake Wheeler            Matthew Tkachuk          Patrick Kane             37     1   1  3  
 2 Sebastian Aho            Justin Abdelkader        Valeri Nichushkin        37     1   2  2  
 3 Patrice Bergeron         Nick Foligno             Tyler Pitlick            21     1   2  2  
 4 Gaetan Haas              Gabriel Bourque          Garnet Hathaway          5      1   2  2  

5 vs 5 Defense 
   Defense                  Defense                                           Time % Phy DF OF 
 1 Victor Hedman            Cale Makar                                        38     1   2  2  
 2 Roman Polak              Brent Seabrook                                    37     1   2  2  
 3 Mario Ferraro            Trent Bourque                                     15     1   3  1  
 4 Mario Ferraro            Trent Bourque                                     10     1   3  1  

PowerPlay Forward 
   Center                   Left Wing                Right Wing               Time % Phy DF OF 
 1 Sebastian Aho            Matthew Tkachuk          Blake Wheeler            55     1   1  3  
 2 Patrice Bergeron         Valeri Nichushkin        Patrick Kane             45     1   1  3  

PowerPlay Defense
   Defense                  Defense                                           Time % Phy DF OF 
 1 Cale Makar               Victor Hedman                                     50     0   1  4  
 2 Brent Seabrook           Mario Ferraro                                     50     0   1  4  

Penalty Kill 4 Players Forward 
   Center                   Wing                     Time % Phy DF OF 
 1 Nick Foligno             Justin Abdelkader        55     1   3  1  
 2 Gaetan Haas              Tyler Pitlick            45     1   3  1  

Penalty Kill 4 Players Defense
   Defense                  Defense                  Time % Phy DF OF 
 1 Roman Polak              Trent Bourque            60     1   3  1  
 2 Mario Ferraro            Brent Seabrook           40     1   3  1  

Penalty Kill - 3 Players Forward 
   Forward                                           Time % Phy DF OF 
 1 Nick Foligno                                      60     0   5  0  
 2 Blake Wheeler                                     40     0   5  0  

Penalty Kill - 3 Players Defense
   Defense                  Defense                  Time % Phy DF OF 
 1 Roman Polak              Victor Hedman            60     0   5  0  
 2 Brent Seabrook           Trent Bourque            40     0   5  0  

4 vs 4 Forward 
   Center                   Wing                     Time % Phy DF OF 
 1 Blake Wheeler            Matthew Tkachuk          50     1   2  2  
 2 Sebastian Aho            Patrick Kane             50     1   2  2  

4 vs 4 Defense
   Defense                  Defense                  Time % Phy DF OF 
 1 Roman Polak              Victor Hedman            60     1   2  2  
 2 Cale Makar               Brent Seabrook           40     1   2  2  

Last Minutes Offensive
   Center                   Left Wing                Right Wing               Defense                  Defense                  
   Patrice Bergeron         Blake Wheeler            Patrick Kane             Cale Makar               Victor Hedman            

Last Minutes Defensive
   Center                   Left Wing                Right Wing               Defense                  Defense                  
   Patrice Bergeron         Nick Foligno             Blake Wheeler            Roman Polak              Victor Hedman            

Goaltenders
Starting : Mike Smith               
Backup : Matthew Murray           

Extra Forwards
Normal : Gaetan Haas, Tyler Pitlick, Garnet Hathaway - PP : Patrick Kane, Tyler Pitlick - PK : Tyler Pitlick
Extra Defensemen
Normal : Trent Bourque, Mario Ferraro, Cale Makar - PP : Cale Makar - PK : Mario Ferraro, Cale Makar
Penalty Shots
Matthew Tkachuk, Patrick Kane, Sebastian Aho, Nick Foligno, Blake Wheeler
Custom OT Lines Forwards
Nick Foligno, Blake Wheeler, Sebastian Aho, Patrick Kane, Justin Abdelkader, Matthew Tkachuk, Valeri Nichushkin, Tyler Pitlick, Gaetan Haas, Garnet Hathaway
Custom OT Lines Defensemen
Victor Hedman, Cale Makar, Roman Polak, Brent Seabrook, Trent Bourque

Scratches
Dan Hamhuis (Bruised Right Leg Injury)

SAN JOSE BRONCOS

5 vs 5 Forward 
   Center                   Left Wing                Right Wing               Time % Phy DF OF 
 1 Evgeni Malkin            Claude Giroux            Elias Lindholm           34     1   2  2  
 2 Brayden Point            Oliver Bjorkstrand       Connor Brown             30     1   2  2  
 3 Nick Bonino              Anthony Beauvillier      Jesper Bratt             27     1   2  2  
 4 Charlie Coyle            Tyler Motte              David Kampf              9      1   2  2  

5 vs 5 Defense 
   Defense                  Defense                                           Time % Phy DF OF 
 1 Jaccob Slavin            Hampus Lindholm                                   37     1   2  2  
 2 Chris Tanev              Neal Pionk                                        33     1   2  2  
 3 Adam Pelech              Marco Scandella                                   30     1   2  2  
 4 Hampus Lindholm          Jaccob Slavin                                     0      1   2  2  

PowerPlay Forward 
   Center                   Left Wing                Right Wing               Time % Phy DF OF 
 1 Evgeni Malkin            Claude Giroux            Elias Lindholm           60     1   2  2  
 2 Brayden Point            Oliver Bjorkstrand       Connor Brown             40     1   2  2  

PowerPlay Defense
   Defense                  Defense                                           Time % Phy DF OF 
 1 Jaccob Slavin            Neal Pionk                                        60     1   2  2  
 2 Hampus Lindholm          Chris Tanev                                       40     1   2  2  

Penalty Kill 4 Players Forward 
   Center                   Wing                     Time % Phy DF OF 
 1 Nick Bonino              Oliver Bjorkstrand       50     1   2  2  
 2 Evgeni Malkin            Tyler Motte              50     1   2  2  

Penalty Kill 4 Players Defense
   Defense                  Defense                  Time % Phy DF OF 
 1 Jaccob Slavin            Chris Tanev              50     1   2  2  
 2 Hampus Lindholm          Adam Pelech              50     1   2  2  

Penalty Kill - 3 Players Forward 
   Forward                                           Time % Phy DF OF 
 1 Nick Bonino                                       50     1   2  2  
 2 Claude Giroux                                     50     1   2  2  

Penalty Kill - 3 Players Defense
   Defense                  Defense                  Time % Phy DF OF 
 1 Jaccob Slavin            Chris Tanev              55     1   2  2  
 2 Neal Pionk               Adam Pelech              45     1   2  2  

4 vs 4 Forward 
   Center                   Wing                     Time % Phy DF OF 
 1 Brayden Point            Claude Giroux            50     1   2  2  
 2 Evgeni Malkin            Anthony Beauvillier      50     1   2  2  

4 vs 4 Defense
   Defense                  Defense                  Time % Phy DF OF 
 1 Hampus Lindholm          Jaccob Slavin            50     1   2  2  
 2 Adam Pelech              Marco Scandella          50     1   2  2  

Last Minutes Offensive
   Center                   Left Wing                Right Wing               Defense                  Defense                  
   Evgeni Malkin            Claude Giroux            Elias Lindholm           Jaccob Slavin            Neal Pionk               

Last Minutes Defensive
   Center                   Left Wing                Right Wing               Defense                  Defense                  
   Nick Bonino              Oliver Bjorkstrand       Connor Brown             Chris Tanev              Jaccob Slavin            

Goaltenders
Starting : Jacob Markstrom          
Backup : Petr Mrazek              

Extra Forwards
Normal : Connor Brown, Elias Lindholm, Charlie Coyle - PP : Oliver Bjorkstrand, Anthony Beauvillier - PK : Charlie Coyle
Extra Defensemen
Normal : Chris Tanev, Neal Pionk, Adam Pelech - PP : Hampus Lindholm - PK : Chris Tanev, Adam Pelech
Penalty Shots
Evgeni Malkin, Brayden Point, Elias Lindholm, Oliver Bjorkstrand, Claude Giroux
Custom OT Lines Forwards
Evgeni Malkin, Claude Giroux, Brayden Point, Oliver Bjorkstrand, Elias Lindholm, Connor Brown, Nick Bonino, Anthony Beauvillier, Charlie Coyle, Jesper Bratt
Custom OT Lines Defensemen
Jaccob Slavin, Hampus Lindholm, Chris Tanev, Adam Pelech, Neal Pionk

Scratches
None


% Time on Ice - SPOKANE KNIGHTS

Lines # - Real PCT - Wanted PCT - Time Play
Normal Forward
1 - 34% - 37% - 19:05
2 - 33% - 37% - 18:15
3 - 21% - 21% - 11:52
4 - 12% - 5% - 6:50
Normal Defense
1 - 38% - 38% - 21:01
2 - 36% - 37% - 20:16
3 - 16% - 15% - 9:11
4 - 10% - 10% - 5:34
PP Forward
1 - 57% - 55% - 2:15
2 - 43% - 45% - 1:43
PP Defense
1 - 67% - 50% - 2:39
2 - 33% - 50% - 1:19
PK Forward
1 - 0% - 55%
2 - 0% - 45%
PK Defense
1 - 0% - 60%
2 - 0% - 40%
PK3 Forward
1 - 0% - 60%
2 - 0% - 40%
PK3 Defense
1 - 0% - 60%
2 - 0% - 40%
44 Forward
1 - 0% - 50%
2 - 0% - 50%
44 Defense
1 - 0% - 60%
2 - 0% - 40%
Last Minute Offensive  - 0:00
Last Minute Defensive  - 0:00
Total
Forward - 60:00
Defense - 60:00

% Time on Ice - SAN JOSE BRONCOS

Lines # - Real PCT - Wanted PCT - Time Play
Normal Forward
1 - 34% - 34% - 19:03
2 - 30% - 30% - 16:44
3 - 27% - 27% - 15:23
4 - 9% - 9% - 4:52
Normal Defense
1 - 37% - 37% - 20:47
2 - 33% - 33% - 18:27
3 - 29% - 30% - 16:06
4 - 1% - 0% - 0:42
PP Forward
1 - 0% - 60%
2 - 0% - 40%
PP Defense
1 - 0% - 60%
2 - 0% - 40%
PK Forward
1 - 50% - 50% - 2:00
2 - 50% - 50% - 1:58
PK Defense
1 - 29% - 50% - 1:10
2 - 71% - 50% - 2:48
PK3 Forward
1 - 0% - 50%
2 - 0% - 50%
PK3 Defense
1 - 0% - 55%
2 - 0% - 45%
44 Forward
1 - 0% - 50%
2 - 0% - 50%
44 Defense
1 - 0% - 50%
2 - 0% - 50%
Last Minute Offensive  - 0:00
Last Minute Defensive  - 0:00
Total
Forward - 60:00
Defense - 60:00

Play-by-Play

1st period


0:01 of 1st period - Evgeni Malkin wins face-off versus Blake Wheeler in neutral zone.
0:18 of 1st period - Shot by Victor Hedman.
0:18 of 1st period - Stopped by Jacob Markstrom without a rebound.
0:19 of 1st period - Sebastian Aho wins face-off versus Brayden Point in SAN JOSE BRONCOS zone.
0:59 of 1st period - Shot by Sebastian Aho.
0:59 of 1st period - Shot Misses the Net.
1:24 of 1st period - Patrice Bergeron is hit by Chris Tanev and loses puck.
1:40 of 1st period - Shot by Nick Foligno.
1:40 of 1st period - Shot Blocked by Chris Tanev.
1:42 of 1st period - Shot by Patrice Bergeron.
1:42 of 1st period - Shot Blocked by Chris Tanev.
1:49 of 1st period - Icing by Chris Tanev.
1:50 of 1st period - Brayden Point wins face-off versus Blake Wheeler in SAN JOSE BRONCOS zone.
2:08 of 1st period - Shot by Patrick Kane.
2:08 of 1st period - Stopped by Jacob Markstrom with a rebound.
2:10 of 1st period - Shot by Blake Wheeler.
2:10 of 1st period - Shot Misses the Net.
2:12 of 1st period - Shot by Blake Wheeler.
2:12 of 1st period - Stopped by Jacob Markstrom with a rebound.
2:18 of 1st period - Shot by Patrick Kane.
2:18 of 1st period - Shot Blocked by Chris Tanev.
2:20 of 1st period - Shot by Blake Wheeler.
2:20 of 1st period - Goal by Blake Wheeler - SPOKANE KNIGHTS : 1 - SAN JOSE BRONCOS : 0.
2:21 of 1st period - Nick Bonino wins face-off versus Gaetan Haas in neutral zone.
2:32 of 1st period - Shot by Gaetan Haas.
2:32 of 1st period - Stopped by Jacob Markstrom without a rebound.
2:33 of 1st period - Evgeni Malkin wins face-off versus Sebastian Aho in SAN JOSE BRONCOS zone.
3:04 of 1st period - Shot by Evgeni Malkin.
3:04 of 1st period - Shot Blocked by Cale Makar.
3:06 of 1st period - Shot by Jaccob Slavin.
3:06 of 1st period - Stopped by Mike Smith with a rebound.
3:08 of 1st period - Shot by Evgeni Malkin.
3:08 of 1st period - Stopped by Mike Smith without a rebound.
3:09 of 1st period - Blake Wheeler wins face-off versus Jesper Bratt in SPOKANE KNIGHTS zone.
3:28 of 1st period - Shot by Blake Wheeler.
3:28 of 1st period - Stopped by Jacob Markstrom without a rebound.
3:29 of 1st period - Charlie Coyle wins face-off versus Patrice Bergeron in SAN JOSE BRONCOS zone.
3:29 of 1st period - Tyler Motte is hit by Nick Foligno and loses puck.
3:41 of 1st period - Icing by Jaccob Slavin.
3:42 of 1st period - Charlie Coyle wins face-off versus Patrick Kane in SAN JOSE BRONCOS zone.
3:48 of 1st period - Shot by Patrick Kane.
3:48 of 1st period - Shot Blocked by Jaccob Slavin.
3:50 of 1st period - Shot by Patrick Kane.
3:50 of 1st period - Shot Blocked by Jaccob Slavin.
3:52 of 1st period - Shot by Matthew Tkachuk.
3:52 of 1st period - Stopped by Jacob Markstrom without a rebound.
3:53 of 1st period - Sebastian Aho wins face-off versus Nick Bonino in SAN JOSE BRONCOS zone.
4:26 of 1st period - Shot by Sebastian Aho.
4:26 of 1st period - Goal by Sebastian Aho - SPOKANE KNIGHTS : 2 - SAN JOSE BRONCOS : 0.
4:27 of 1st period - Evgeni Malkin wins face-off versus Blake Wheeler in neutral zone.
4:32 of 1st period - Shot by Claude Giroux.
4:32 of 1st period - Stopped by Mike Smith without a rebound.
4:33 of 1st period - Evgeni Malkin wins face-off versus Matthew Tkachuk in SPOKANE KNIGHTS zone.
4:41 of 1st period - Shot by Evgeni Malkin.
4:41 of 1st period - Shot Misses the Net.
4:57 of 1st period - Shot by Evgeni Malkin.
4:57 of 1st period - Shot Misses the Net.
5:23 of 1st period - Shot by Evgeni Malkin.
5:23 of 1st period - Stopped by Mike Smith without a rebound.
5:24 of 1st period - Patrice Bergeron wins face-off versus Nick Bonino in SPOKANE KNIGHTS zone.
6:01 of 1st period - Shot by Nick Foligno.
6:01 of 1st period - Stopped by Jacob Markstrom without a rebound.
6:02 of 1st period - Charlie Coyle wins face-off versus Sebastian Aho in SAN JOSE BRONCOS zone.
6:20 of 1st period - Shot by Tyler Motte.
6:20 of 1st period - Stopped by Mike Smith without a rebound.
6:21 of 1st period - Evgeni Malkin wins face-off versus Gaetan Haas in SPOKANE KNIGHTS zone.
7:21 of 1st period - Shot by Nick Bonino.
7:21 of 1st period - Shot Blocked by Mario Ferraro.
7:29 of 1st period - Shot by Nick Bonino.
7:29 of 1st period - Stopped by Mike Smith without a rebound.
7:30 of 1st period - Brayden Point wins face-off versus Blake Wheeler in SPOKANE KNIGHTS zone.
7:33 of 1st period - Shot by Oliver Bjorkstrand.
7:33 of 1st period - Shot Misses the Net.
7:35 of 1st period - Shot by Oliver Bjorkstrand.
7:35 of 1st period - Stopped by Mike Smith with a rebound.
8:01 of 1st period - Shot by Brayden Point.
8:01 of 1st period - Shot Misses the Net.
8:03 of 1st period - Shot by Connor Brown.
8:03 of 1st period - Deflect By Brayden Point.
8:03 of 1st period - Shot Misses the Net.
9:45 of 1st period - Shot by Claude Giroux.
9:45 of 1st period - Stopped by Mike Smith without a rebound.
9:46 of 1st period - Patrice Bergeron wins face-off versus Charlie Coyle in SPOKANE KNIGHTS zone.
9:48 of 1st period - Cale Makar is hit by Tyler Motte and loses puck.
9:56 of 1st period - Neal Pionk is hit by Cale Makar and loses puck.
10:03 of 1st period - Shot by Charlie Coyle.
10:03 of 1st period - Stopped by Mike Smith without a rebound.
10:04 of 1st period - Brayden Point wins face-off versus Patrick Kane in SPOKANE KNIGHTS zone.
10:15 of 1st period - Shot by Connor Brown.
10:15 of 1st period - Stopped by Mike Smith with a rebound.
10:43 of 1st period - Shot by Jaccob Slavin.
10:43 of 1st period - Shot Blocked by Roman Polak.
10:45 of 1st period - Shot by Oliver Bjorkstrand.
10:45 of 1st period - Stopped by Mike Smith without a rebound.
10:46 of 1st period - Nick Foligno wins face-off versus Evgeni Malkin in SPOKANE KNIGHTS zone.
10:48 of 1st period - Icing by Cale Makar.
10:49 of 1st period - Patrice Bergeron wins face-off versus Evgeni Malkin in SPOKANE KNIGHTS zone.
10:49 of 1st period - Patrice Bergeron is hit by Evgeni Malkin.
12:38 of 1st period - Icing by Anthony Beauvillier.
12:39 of 1st period - Sebastian Aho wins face-off versus Nick Bonino in SAN JOSE BRONCOS zone.
12:47 of 1st period - Icing by Hampus Lindholm.
12:48 of 1st period - Gaetan Haas wins face-off versus Nick Bonino in SAN JOSE BRONCOS zone.
14:08 of 1st period - Anthony Beauvillier is hit by Justin Abdelkader.
14:17 of 1st period - Valeri Nichushkin is hit by Neal Pionk and loses puck.
14:25 of 1st period - Icing by Chris Tanev.
14:26 of 1st period - Blake Wheeler wins face-off versus Brayden Point in SAN JOSE BRONCOS zone.
14:36 of 1st period - Off-side.
14:37 of 1st period - Evgeni Malkin wins face-off versus Patrice Bergeron in neutral zone.
14:37 of 1st period - Claude Giroux is hit by Nick Foligno and loses puck.
14:41 of 1st period - Off-side.
14:42 of 1st period - Blake Wheeler wins face-off versus Evgeni Malkin in neutral zone.
15:05 of 1st period - Shot by Patrick Kane.
15:05 of 1st period - Shot Misses the Net.
16:11 of 1st period - Oliver Bjorkstrand is hit by Victor Hedman.
16:13 of 1st period - Shot by Connor Brown.
16:13 of 1st period - Stopped by Mike Smith without a rebound.
16:14 of 1st period - Charlie Coyle wins face-off versus Patrice Bergeron in SPOKANE KNIGHTS zone.
16:38 of 1st period - David Kampf is hit by Mario Ferraro and loses puck.
16:58 of 1st period - Patrice Bergeron is hit by Tyler Motte and loses puck.
17:23 of 1st period - Shot by Evgeni Malkin.
17:23 of 1st period - Deflect By Elias Lindholm.
17:23 of 1st period - Shot Misses the Net.
17:25 of 1st period - Shot by Chris Tanev.
17:25 of 1st period - Stopped by Mike Smith without a rebound.
17:26 of 1st period - Sebastian Aho wins face-off versus Connor Brown in SPOKANE KNIGHTS zone.
17:26 of 1st period - Sebastian Aho is hit by Brayden Point.
17:34 of 1st period - Adam Pelech is hit by Justin Abdelkader.
17:47 of 1st period - Icing by Victor Hedman.
17:48 of 1st period - Sebastian Aho wins face-off versus Evgeni Malkin in SPOKANE KNIGHTS zone.
18:29 of 1st period - Shot by Evgeni Malkin.
18:29 of 1st period - Shot Blocked by Brent Seabrook.
18:31 of 1st period - Shot by Evgeni Malkin.
18:31 of 1st period - Shot Misses the Net.
18:33 of 1st period - Shot by Claude Giroux.
18:33 of 1st period - Stopped by Mike Smith without a rebound.
18:34 of 1st period - Blake Wheeler wins face-off versus Brayden Point in SPOKANE KNIGHTS zone.
18:36 of 1st period - Icing by Patrick Kane.
18:37 of 1st period - Blake Wheeler wins face-off versus Brayden Point in SPOKANE KNIGHTS zone.
19:18 of 1st period - Shot by Brayden Point.
19:18 of 1st period - Shot Misses the Net.
Goals for this period are 2 for SPOKANE KNIGHTS vs 0 for SAN JOSE BRONCOS.
Shots for this period are 9 for SPOKANE KNIGHTS vs 14 for SAN JOSE BRONCOS.

2nd period


0:01 of 2nd period - Sebastian Aho wins face-off versus Evgeni Malkin in neutral zone.
1:10 of 2nd period - Shot by Patrick Kane.
1:10 of 2nd period - Shot Blocked by Neal Pionk.
1:31 of 2nd period - Off-side.
1:32 of 2nd period - Patrice Bergeron wins face-off versus Charlie Coyle in neutral zone.
1:42 of 2nd period - Tyler Motte is hit by Mario Ferraro and loses puck.
1:56 of 2nd period - Icing by Marco Scandella.
1:57 of 2nd period - Patrick Kane wins face-off versus Charlie Coyle in SAN JOSE BRONCOS zone.
1:57 of 2nd period - Patrick Kane is hit by Marco Scandella.
2:09 of 2nd period - Shot by Patrick Kane.
2:09 of 2nd period - Deflect By Matthew Tkachuk.
2:09 of 2nd period - Stopped by Jacob Markstrom without a rebound.
2:10 of 2nd period - Nick Bonino wins face-off versus Garnet Hathaway in SAN JOSE BRONCOS zone.
2:10 of 2nd period - Jesper Bratt is hit by Garnet Hathaway and loses puck.
2:52 of 2nd period - Shot by Nick Bonino.
2:52 of 2nd period - Stopped by Mike Smith without a rebound.
2:53 of 2nd period - Sebastian Aho wins face-off versus Brayden Point in SPOKANE KNIGHTS zone.
2:53 of 2nd period - Sebastian Aho is hit by Oliver Bjorkstrand.
3:00 of 2nd period - Icing by Victor Hedman.
3:01 of 2nd period - Brayden Point wins face-off versus Sebastian Aho in SPOKANE KNIGHTS zone.
3:04 of 2nd period - Shot by Oliver Bjorkstrand.
3:04 of 2nd period - Shot Misses the Net.
3:24 of 2nd period - Shot by Brayden Point.
3:24 of 2nd period - Shot Misses the Net.
3:26 of 2nd period - Shot by Neal Pionk.
3:26 of 2nd period - Shot Misses the Net.
3:28 of 2nd period - Shot by Chris Tanev.
3:28 of 2nd period - Goal by Chris Tanev - SPOKANE KNIGHTS : 2 - SAN JOSE BRONCOS : 1.
3:29 of 2nd period - Evgeni Malkin wins face-off versus Blake Wheeler in neutral zone.
5:21 of 2nd period - Victor Hedman is hit by Anthony Beauvillier and loses puck.
5:50 of 2nd period - Shot by Patrice Bergeron.
5:50 of 2nd period - Stopped by Jacob Markstrom without a rebound.
5:51 of 2nd period - Brayden Point wins face-off versus Gaetan Haas in SAN JOSE BRONCOS zone.
5:51 of 2nd period - Brayden Point is hit by Garnet Hathaway.
6:34 of 2nd period - Shot by Connor Brown.
6:34 of 2nd period - Stopped by Mike Smith without a rebound.
6:35 of 2nd period - Evgeni Malkin wins face-off versus Blake Wheeler in SPOKANE KNIGHTS zone.
6:45 of 2nd period - Shot by Matthew Tkachuk.
6:45 of 2nd period - Stopped by Jacob Markstrom without a rebound.
6:46 of 2nd period - Patrice Bergeron wins face-off versus Charlie Coyle in SAN JOSE BRONCOS zone.
7:13 of 2nd period - Icing by Nick Foligno.
7:14 of 2nd period - Brayden Point wins face-off versus Patrice Bergeron in SPOKANE KNIGHTS zone.
7:15 of 2nd period - Shot by Oliver Bjorkstrand.
7:15 of 2nd period - Stopped by Mike Smith without a rebound.
7:16 of 2nd period - Sebastian Aho wins face-off versus Connor Brown in SPOKANE KNIGHTS zone.
7:29 of 2nd period - Shot by Connor Brown.
7:29 of 2nd period - Stopped by Mike Smith without a rebound.
7:30 of 2nd period - Evgeni Malkin wins face-off versus Patrick Kane in SPOKANE KNIGHTS zone.
7:41 of 2nd period - Elias Lindholm is hit by Matthew Tkachuk.
8:55 of 2nd period - Shot by Brayden Point.
8:55 of 2nd period - Shot Blocked by Victor Hedman.
9:15 of 2nd period - Shot by Brayden Point.
9:15 of 2nd period - Shot Misses the Net.
9:17 of 2nd period - Shot by Hampus Lindholm.
9:17 of 2nd period - Stopped by Mike Smith without a rebound.
9:18 of 2nd period - Nick Bonino wins face-off versus Garnet Hathaway in SPOKANE KNIGHTS zone.
9:20 of 2nd period - Anthony Beauvillier is hit by Mario Ferraro and loses puck.
9:31 of 2nd period - Icing by Nick Bonino.
9:32 of 2nd period - Blake Wheeler wins face-off versus Anthony Beauvillier in SAN JOSE BRONCOS zone.
11:18 of 2nd period - Shot by Justin Abdelkader.
11:18 of 2nd period - Shot Blocked by Jaccob Slavin.
11:20 of 2nd period - Shot by Valeri Nichushkin.
11:20 of 2nd period - Shot Blocked by Jaccob Slavin.
11:22 of 2nd period - Shot by Valeri Nichushkin.
11:22 of 2nd period - Deflect By Sebastian Aho.
11:22 of 2nd period - Shot Misses the Net.
11:33 of 2nd period - Icing by Jaccob Slavin.
11:34 of 2nd period - Brayden Point wins face-off versus Gaetan Haas in SAN JOSE BRONCOS zone.
11:39 of 2nd period - Shot by Brayden Point.
11:39 of 2nd period - Shot Misses the Net.
11:50 of 2nd period - Icing by Roman Polak.
11:51 of 2nd period - Garnet Hathaway wins face-off versus Elias Lindholm in SPOKANE KNIGHTS zone.
11:51 of 2nd period - Gaetan Haas is hit by Evgeni Malkin and loses puck.
12:53 of 2nd period - Minor Penalty to Neal Pionk for Diving.
12:54 of 2nd period - Sebastian Aho wins face-off versus Nick Bonino in SAN JOSE BRONCOS zone.
13:13 of 2nd period - Shot by Sebastian Aho.
13:13 of 2nd period - Stopped by Jacob Markstrom with a rebound.
13:15 of 2nd period - Shot by Sebastian Aho.
13:15 of 2nd period - Shot Misses the Net.
13:38 of 2nd period - Off-side.
13:39 of 2nd period - Nick Bonino wins face-off versus Patrice Bergeron in neutral zone.
13:47 of 2nd period - Off-side.
13:48 of 2nd period - Patrice Bergeron wins face-off versus Nick Bonino in neutral zone.
13:59 of 2nd period - Shot by Patrick Kane.
13:59 of 2nd period - Stopped by Jacob Markstrom without a rebound.
14:00 of 2nd period - Patrice Bergeron wins face-off versus Evgeni Malkin in SAN JOSE BRONCOS zone.
14:15 of 2nd period - Shot by Valeri Nichushkin.
14:15 of 2nd period - Stopped by Jacob Markstrom without a rebound.
14:16 of 2nd period - Oliver Bjorkstrand wins face-off versus Sebastian Aho in SAN JOSE BRONCOS zone.
14:25 of 2nd period - Shot by Blake Wheeler.
14:25 of 2nd period - Stopped by Jacob Markstrom with a rebound.
14:50 of 2nd period - Shot by Victor Hedman.
14:50 of 2nd period - Shot Blocked by Jaccob Slavin.
14:52 of 2nd period - Shot by Victor Hedman.
14:52 of 2nd period - Goal by Victor Hedman - SPOKANE KNIGHTS : 3 - SAN JOSE BRONCOS : 1.
14:53 of 2nd period - Patrice Bergeron wins face-off versus Brayden Point in neutral zone.
14:56 of 2nd period - Shot by Patrice Bergeron.
14:56 of 2nd period - Deflect By Nick Foligno.
14:56 of 2nd period - Shot Misses the Net.
15:04 of 2nd period - Shot by Patrice Bergeron.
15:04 of 2nd period - Shot Misses the Net.
15:06 of 2nd period - Shot by Roman Polak.
15:06 of 2nd period - Shot Misses the Net.
15:24 of 2nd period - Shot by Brayden Point.
15:24 of 2nd period - Stopped by Mike Smith without a rebound.
15:25 of 2nd period - Blake Wheeler wins face-off versus Evgeni Malkin in SPOKANE KNIGHTS zone.
15:56 of 2nd period - Shot by Patrick Kane.
15:56 of 2nd period - Shot Blocked by Hampus Lindholm.
16:22 of 2nd period - Icing by Blake Wheeler.
16:23 of 2nd period - Blake Wheeler wins face-off versus Nick Bonino in SPOKANE KNIGHTS zone.
16:30 of 2nd period - Shot by Jesper Bratt.
16:30 of 2nd period - Deflect By Nick Bonino.
16:30 of 2nd period - Stopped by Mike Smith without a rebound.
16:31 of 2nd period - Valeri Nichushkin wins face-off versus Nick Bonino in SPOKANE KNIGHTS zone.
16:56 of 2nd period - Shot by Anthony Beauvillier.
16:56 of 2nd period - Shot Misses the Net.
16:58 of 2nd period - Shot by Jesper Bratt.
16:58 of 2nd period - Shot Misses the Net.
17:00 of 2nd period - Shot by Nick Bonino.
17:00 of 2nd period - Deflect By Jesper Bratt.
17:00 of 2nd period - Shot Misses the Net.
17:38 of 2nd period - Shot by Brayden Point.
17:38 of 2nd period - Stopped by Mike Smith without a rebound.
17:39 of 2nd period - Evgeni Malkin wins face-off versus Blake Wheeler in SPOKANE KNIGHTS zone.
18:03 of 2nd period - Icing by Brent Seabrook.
18:04 of 2nd period - Brayden Point wins face-off versus Blake Wheeler in SPOKANE KNIGHTS zone.
18:15 of 2nd period - Shot by Oliver Bjorkstrand.
18:15 of 2nd period - Stopped by Mike Smith without a rebound.
18:16 of 2nd period - Patrice Bergeron wins face-off versus Evgeni Malkin in SPOKANE KNIGHTS zone.
18:30 of 2nd period - Icing by Tyler Pitlick.
18:31 of 2nd period - Patrice Bergeron wins face-off versus Brayden Point in SPOKANE KNIGHTS zone.
19:31 of 2nd period - Icing by Cale Makar.
19:32 of 2nd period - Sebastian Aho wins face-off versus Evgeni Malkin in SPOKANE KNIGHTS zone.
19:40 of 2nd period - Minor Penalty to Hampus Lindholm for Roughing.
19:41 of 2nd period - Evgeni Malkin wins face-off versus Sebastian Aho in SAN JOSE BRONCOS zone.
Goals for this period are 1 for SPOKANE KNIGHTS vs 1 for SAN JOSE BRONCOS.
Shots for this period are 8 for SPOKANE KNIGHTS vs 10 for SAN JOSE BRONCOS.

3rd period


0:01 of 3rd period - Sebastian Aho wins face-off versus Nick Bonino in neutral zone.
0:32 of 3rd period - Off-side.
0:33 of 3rd period - Evgeni Malkin wins face-off versus Patrick Kane in neutral zone.
1:10 of 3rd period - Icing by Patrick Kane.
1:11 of 3rd period - Evgeni Malkin wins face-off versus Valeri Nichushkin in SPOKANE KNIGHTS zone.
2:06 of 3rd period - Shot by Elias Lindholm.
2:06 of 3rd period - Stopped by Mike Smith without a rebound.
2:07 of 3rd period - Blake Wheeler wins face-off versus Nick Bonino in SPOKANE KNIGHTS zone.
2:45 of 3rd period - Nick Bonino is hit by Blake Wheeler and loses puck.
3:04 of 3rd period - Chris Tanev is hit by Matthew Tkachuk.
3:23 of 3rd period - Icing by Chris Tanev.
3:24 of 3rd period - Evgeni Malkin wins face-off versus Sebastian Aho in SAN JOSE BRONCOS zone.
4:16 of 3rd period - Icing by Elias Lindholm.
4:17 of 3rd period - Evgeni Malkin wins face-off versus Nick Foligno in SAN JOSE BRONCOS zone.
5:12 of 3rd period - Shot by Connor Brown.
5:12 of 3rd period - Stopped by Mike Smith without a rebound.
5:13 of 3rd period - Gaetan Haas wins face-off versus Nick Bonino in SPOKANE KNIGHTS zone.
5:26 of 3rd period - Shot by Jesper Bratt.
5:26 of 3rd period - Deflect By Nick Bonino.
5:26 of 3rd period - Shot Blocked by Victor Hedman.
5:28 of 3rd period - Shot by Anthony Beauvillier.
5:28 of 3rd period - Shot Misses the Net.
5:30 of 3rd period - Shot by Nick Bonino.
5:30 of 3rd period - Stopped by Mike Smith without a rebound.
5:31 of 3rd period - Tyler Motte wins face-off versus Sebastian Aho in SPOKANE KNIGHTS zone.
5:46 of 3rd period - Shot by Sebastian Aho.
5:46 of 3rd period - Stopped by Jacob Markstrom without a rebound.
5:47 of 3rd period - Nick Bonino wins face-off versus Blake Wheeler in SAN JOSE BRONCOS zone.
6:26 of 3rd period - Blake Wheeler is hit by Anthony Beauvillier and loses puck.
7:07 of 3rd period - Icing by Valeri Nichushkin.
7:08 of 3rd period - Sebastian Aho wins face-off versus Evgeni Malkin in SPOKANE KNIGHTS zone.
7:23 of 3rd period - Valeri Nichushkin is hit by Evgeni Malkin and loses puck.
7:49 of 3rd period - Icing by Brent Seabrook.
7:50 of 3rd period - Brayden Point wins face-off versus Sebastian Aho in SPOKANE KNIGHTS zone.
7:55 of 3rd period - Shot by Brayden Point.
7:55 of 3rd period - Stopped by Mike Smith without a rebound.
7:56 of 3rd period - Blake Wheeler wins face-off versus Brayden Point in SPOKANE KNIGHTS zone.
7:56 of 3rd period - Blake Wheeler is hit by Oliver Bjorkstrand.
7:59 of 3rd period - Icing by Patrick Kane.
8:00 of 3rd period - Blake Wheeler wins face-off versus Brayden Point in SPOKANE KNIGHTS zone.
8:11 of 3rd period - Shot by Patrick Kane.
8:11 of 3rd period - Shot Misses the Net.
8:17 of 3rd period - Shot by Blake Wheeler.
8:17 of 3rd period - Shot Blocked by Hampus Lindholm.
8:37 of 3rd period - Shot by Patrick Kane.
8:37 of 3rd period - Stopped by Jacob Markstrom without a rebound.
8:38 of 3rd period - Charlie Coyle wins face-off versus Tyler Pitlick in SAN JOSE BRONCOS zone.
8:49 of 3rd period - Shot by Patrice Bergeron.
8:49 of 3rd period - Stopped by Jacob Markstrom without a rebound.
8:50 of 3rd period - Claude Giroux wins face-off versus Gaetan Haas in SAN JOSE BRONCOS zone.
8:59 of 3rd period - Shot by Claude Giroux.
8:59 of 3rd period - Shot Misses the Net.
9:01 of 3rd period - Shot by Elias Lindholm.
9:01 of 3rd period - Stopped by Mike Smith with a rebound.
9:03 of 3rd period - Shot by Chris Tanev.
9:03 of 3rd period - Shot Misses the Net.
9:28 of 3rd period - Icing by Gaetan Haas.
9:29 of 3rd period - Brayden Point wins face-off versus Gaetan Haas in SPOKANE KNIGHTS zone.
9:57 of 3rd period - Shot by Connor Brown.
9:57 of 3rd period - Shot Misses the Net.
10:05 of 3rd period - Shot by Oliver Bjorkstrand.
10:05 of 3rd period - Shot Blocked by Victor Hedman.
10:07 of 3rd period - Shot by Brayden Point.
10:07 of 3rd period - Shot Blocked by Sebastian Aho.
10:15 of 3rd period - Oliver Bjorkstrand is hit by Justin Abdelkader and loses puck.
10:31 of 3rd period - Icing by Victor Hedman.
10:32 of 3rd period - Sebastian Aho wins face-off versus Nick Bonino in SPOKANE KNIGHTS zone.
11:27 of 3rd period - Nick Bonino is hit by Brent Seabrook and loses puck.
13:04 of 3rd period - Shot by Charlie Coyle.
13:04 of 3rd period - Stopped by Mike Smith without a rebound.
13:05 of 3rd period - Gaetan Haas wins face-off versus Brayden Point in SPOKANE KNIGHTS zone.
13:39 of 3rd period - Connor Brown is hit by Cale Makar and loses puck.
13:50 of 3rd period - Shot by Oliver Bjorkstrand.
13:50 of 3rd period - Shot Blocked by Victor Hedman.
14:09 of 3rd period - Icing by Roman Polak.
14:10 of 3rd period - Evgeni Malkin wins face-off versus Blake Wheeler in SPOKANE KNIGHTS zone.
14:52 of 3rd period - Shot by Claude Giroux.
14:52 of 3rd period - Shot Blocked by Roman Polak.
15:39 of 3rd period - Shot by Sebastian Aho.
15:39 of 3rd period - Shot Misses the Net.
15:41 of 3rd period - Shot by Sebastian Aho.
15:41 of 3rd period - Shot Blocked by Nick Bonino.
15:43 of 3rd period - Shot by Sebastian Aho.
15:43 of 3rd period - Stopped by Jacob Markstrom without a rebound.
15:44 of 3rd period - Patrice Bergeron wins face-off versus Oliver Bjorkstrand in SAN JOSE BRONCOS zone.
15:56 of 3rd period - Shot by Patrice Bergeron.
15:56 of 3rd period - Stopped by Jacob Markstrom with a rebound.
15:58 of 3rd period - Shot by Patrice Bergeron.
15:58 of 3rd period - Goal by Patrice Bergeron - SPOKANE KNIGHTS : 4 - SAN JOSE BRONCOS : 1.
15:59 of 3rd period - Gaetan Haas wins face-off versus Evgeni Malkin in neutral zone.
16:09 of 3rd period - Icing by Evgeni Malkin.
16:10 of 3rd period - Sebastian Aho wins face-off versus Evgeni Malkin in SAN JOSE BRONCOS zone.
16:29 of 3rd period - Shot by Sebastian Aho.
16:29 of 3rd period - Stopped by Jacob Markstrom without a rebound.
16:30 of 3rd period - Nick Bonino wins face-off versus Blake Wheeler in SAN JOSE BRONCOS zone.
16:59 of 3rd period - Shot by Blake Wheeler.
16:59 of 3rd period - Shot Blocked by Chris Tanev.
17:08 of 3rd period - Icing by Victor Hedman.
17:09 of 3rd period - Blake Wheeler wins face-off versus Brayden Point in SPOKANE KNIGHTS zone.
17:35 of 3rd period - Shot by Brayden Point.
17:35 of 3rd period - Stopped by Mike Smith with a rebound.
17:53 of 3rd period - Shot by Brayden Point.
17:53 of 3rd period - Deflect By Oliver Bjorkstrand.
17:53 of 3rd period - Stopped by Mike Smith without a rebound.
17:54 of 3rd period - Evgeni Malkin wins face-off versus Sebastian Aho in SPOKANE KNIGHTS zone.
18:08 of 3rd period - Off-side.
18:09 of 3rd period - Patrice Bergeron wins face-off versus Charlie Coyle in neutral zone.
19:21 of 3rd period - Shot by Claude Giroux.
19:21 of 3rd period - Goal by Claude Giroux - SPOKANE KNIGHTS : 4 - SAN JOSE BRONCOS : 2.
19:22 of 3rd period - Nick Bonino wins face-off versus Sebastian Aho in neutral zone.
Goals for this period are 1 for SPOKANE KNIGHTS vs 1 for SAN JOSE BRONCOS.
Shots for this period are 7 for SPOKANE KNIGHTS vs 9 for SAN JOSE BRONCOS.


SCOTT
LAUGHTON
IGOR
SHESTERKIN
ALEX
TUCH

EAST COAST

HOCKEY LEAGUE

  • 9.CHI2QUE6
  • 10.LIM2CHA3
  • 11.LON6TRV4
  • 12.BAL3CHW2
  • 13.MANPIT
  • 14.NHWATL
  • 15.PETWOR
  • 16.RHI